 Dungeon Crawl Stone Soup version 0.29.1-15-g9cfb28693d (webtiles) character file.

Game seed: 8091499937682242478

1651 javelincjr the Magician (level 9, -1/65 HPs)
             Began as a Djinni Conjurer on Mar 6, 2023.
             Was an Initiate of Makhleb.
             Slain by a bullfrog (7 damage)
             ... on level 7 of the Dungeon on Mar 7, 2023.
             The game lasted 00:25:52 (7865 turns).

javelincjr the Magician (Djinni Conjurer)           Turns: 7865, Time: 00:25:52

Health: -1/65      AC: 10    Str: 10    XL:     9   Next: 19%
Gold:   289        EV: 12    Int: 22    God:    Makhleb [......] SH:  0 Dex: 12

rFire   + + .      SeeInvis +   v - staff of conjuration
rCold   x . .      Faith    .   (no shield)
rNeg    . . .      Spirit   .   r - +1 ring mail of Past Mistakes {Rampage Int+2}
rPois   ∞          Reflect  .   p - +0 helmet
rElec   .          Harm     .   C - +0 cloak
rCorr   .          Rampage  +   x - +0 pair of gloves
Will    .....                   (boots unavailable)
Stlth   ++........              (no amulet)
HPRegen 0.20/turn               f - ring of see invisible
MPRegen 0.00/turn               (no ring)

@: flying, very slightly contaminated
A: sickness immunity, fire resistance 2, cold vulnerability 1, float, innate
caster, HP casting, extra vitality 1
a: Renounce Religion


You were on level 7 of the Dungeon.
You worshipped Makhleb.
Makhleb was noncommittal.
You visited 2 branches of the dungeon, and saw 8 of its levels.

You collected 289 gold pieces.

Inventory:

Hand Weapons
 o - a +2 dagger of flaming
 u - the +6 sling "Miosm" {flame, Dex+4}
   (You took it off a gnoll on level 4 of the Dungeon)

   Any ammunition fired from it burns those it strikes, dealing additional fire
   damage.
   Dex:       It affects your dexterity (+4).
Missiles
 q - a throwing net
Armour
 a - a +0 robe
 p - a +0 helmet (worn)
 r - the +1 ring mail of Past Mistakes (worn) {Rampage Int+2}
   (You found it on level 3 of the Dungeon)

   Int:       It affects your intelligence (+2).
   Rampage:   It bestows one free step when moving towards enemies.
 x - a +0 pair of gloves (worn)
 C - a +0 cloak (worn)
Magical Staves
 v - a staff of conjuration (weapon)
 z - a staff of poison
Jewellery
 f - a ring of see invisible (left hand)
Wands
 m - a wand of paralysis (14)
 y - a wand of polymorph (6)
 E - a wand of mindburst (8)
Scrolls
 c - 2 scrolls of butterflies
 d - a scroll of enchant armour
 g - a scroll of teleportation
 h - 4 scrolls of noise
 i - 2 scrolls of amnesia {unknown}
 k - 2 scrolls of enchant weapon
 w - 2 scrolls of fear
 A - a scroll of poison {unknown}
 B - 2 scrolls of immolation {unknown}
 D - a scroll of identify
 F - a scroll of vulnerability {unknown}
Potions
 b - 3 potions of brilliance {unknown}
 e - 2 potions of ambrosia {unknown}
 j - a potion of attraction {unknown}
 l - 2 potions of invisibility {unknown}
 n - 2 potions of curing {unknown}
 s - a potion of heal wounds {unknown}
 t - 2 potions of resistance {unknown}


   Skills:
 * Level 5.2 Fighting
 + Level 3.5 Armour
 + Level 5.4 Dodging
 + Level 4.3 Stealth
 * Level 5.6 Spellcasting


You couldn't memorise any spells.
You knew the following spells:

 Your Spells              Type           Power      Damage    Failure   Level
a - Magic Dart            Conj           100%       1d8       2%          1
b - Searing Ray           Conj           92%        2d7       3%          2
c - Dazzling Flash        Conj/Hex       92%        N/A       7%          3
d - Fulminant Prism       Conj/Hex       23%        3d13      22%         4
e - Iskenderun's Mystic   Conj/Tloc      46%        2d10      22%         4
f - Foxfire               Conj/Fire      100%       2x1d9     2%          1
g - Ensorcelled Hibernat  Hex/Ice        62%        N/A       3%          2
h - Conjure Flame         Conj/Fire      46%        6-21      7%          3
i - Passage of Golubria   Tloc           31%        N/A       22%         4
Your spell library was empty.

Dungeon Overview and Level Annotations

Branches:
Dungeon (7/15)             Temple (1/1) D:5

Altars:
Ashenzari
Cheibriados
Dithmenos
Elyvilon
Fedhas
Gozag
Makhleb
Qazlal
Ru
Trog
Uskayaw
Wu Jian
Xom
Zin
The Shining One

Shops:
D:4 [


Innate Abilities, Weirdness & Mutations

You are immune to sickness and miasma.
You are immune to poison.
Your flesh is very heat resistant. (rF++)
You are vulnerable to cold. (rC-)
You float through the air rather than walking.
You learn spells naturally, not from books.
Your magical power is your life essence.
You have superior vitality. (+4 MHP)


Message History

Casting: Iskenderun's Mystic Blast (dangerous; 22% risk of failure)
Confirm with . or Enter, or press ? or * to list all spells.
Aiming: Fulminant Prism (dangerous; 22% risk of failure)
Press: ? - help, Dir - move target You feel a surge of power!
You conjure a prism of explosive energy!
A fulminant prism comes into view.
The killer bee stings your fulminant prism!
The killer bee stings your fulminant prism.
The orc priest looks encouraged for a moment.
The killer bee stings your fulminant prism!
Your fulminant prism detonates feebly.
The killer bee barely misses you.
The orc priest begins to cast a cantrip, but forgets the words!
Casting: Fulminant Prism (dangerous; 22% risk of failure)
Confirm with . or Enter, or press ? or * to list all spells.
Aiming: Fulminant Prism (dangerous; 22% risk of failure)
Press: ? - help, Dir - move target You feel a surge of power!
You conjure a prism of explosive energy!
A fulminant prism comes into view.
The killer bee stings you but does no damage.
The killer bee barely misses you. The bullfrog hits you!
Welcome back, javelincjr the Djinni Conjurer.
Blood and souls for Makhleb!
Press ? for a list of commands and other information.
Cast which spell? (? or * to list)
You feel a surge of power!
You miscast Iskenderun's Mystic Blast.
You are very lightly contaminated with residual magic.
Strange energies run through your body! The killer bee stings you.
* * * LOW HITPOINT WARNING * * *
The killer bee stings you.
* * * LOW HITPOINT WARNING * * *
The bullfrog closely misses you. The killer bee stings you.
* * * LOW HITPOINT WARNING * * *
The killer bee stings you.
* * * LOW HITPOINT WARNING * * *
Your fulminant prism crackles loudly.
The killer bee closely misses you. The bullfrog hits you!
You die...

##### #...## ##....#
## . #...>## #.## ..o
#.....####...#####
....#
#......##.....#..#
#...##...............
#.ooo.F..........#
.......o..y@.....##[.#
...†...#*.y..........#
#y..†..####......^#..#
....... ###.^.<.#
..####. #.....## F #.
#.......>. ##
#......... #........##
..........#


You could see a bullfrog, 2 killer bees, 2 orc priests, 2 orcs and a friendly
fulminant prism.

Vanquished Creatures
  An orc warrior (D:5)
  A sky beast (D:6)
  2 ice beasts
  2 ogres (D:4)
  A centaur (D:6)
  A phantom (D:6)
  A scorpion (D:4)
  A necrophage (D:5)
  4 killer bees (D:7)
  3 hounds (D:5)
  A gnoll bouda (D:4)
  A jelly (D:5)
  2 orc priests
  Crazy Yiuf (D:5)
  4 iguanas
  2 orc wizards (D:5)
  Robin (D:2)
  7 gnolls
  4 adders
  2 white imps
  2 ufetubi
  2 worms (D:4)
  4 dart slugs
  12 orcs
  9 endoplasms
  A giant cockroach (D:4)
  19 goblins
  6 hobgoblins
  3 jackals (D:3)
  11 kobolds
  5 quokkas
  7 ball pythons
  3 bats (D:1)
  3 frilled lizards
  25 rats
154 creatures vanquished.

Vanquished Creatures (others)
  232 foxfires
  4 fulminant prisms
  8 fungi
  3 plants (D:1)
247 creatures vanquished.

Grand Total: 401 creatures vanquished

Notes
Turn   | Place    | Note
-------+----------+-------------------------------------------
     0 | D:1      | javelincjr the Djinni Conjurer began the quest for the Orb.
     0 | D:1      | javelincjr set off with the following spells memorised:
                  | Magic Dart, Searing Ray, Dazzling Flash, Fulminant Prism,
                  | Iskenderun's Mystic Blast.
     0 | D:1      | Reached XP level 1. HP: 15/15 MP: 0/0
   210 | D:1      | Reached XP level 2. HP: 14/21 MP: 0/0
   601 | D:1      | You are sucked into a shaft and drop 1 floor!
   796 | D:1      | Found a faded altar of an unknown god.
   853 | D:1      | Reached XP level 3. HP: 12/25 MP: 0/0
   853 | D:1      | Learned a level 1 spell: Foxfire
  2026 | D:2      | Reached XP level 4. HP: 21/31 MP: 0/0
  2263 | D:2      | Noticed Robin
  2268 | D:2      | Killed Robin
  2796 | D:3      | Identified the +1 ring mail of Past Mistakes {Rampage
                  | Int+2}
  2804 | D:3      | Reached XP level 5. HP: 33/35 MP: 0/0
  2804 | D:3      | Learned a level 2 spell: Ensorcelled Hibernation
  2893 | D:3      | Found a glowing silver altar of Zin.
  3484 | D:3      | Found a white marble altar of Elyvilon.
  3753 | D:4      | Reached skill level 1 in Fighting
  3753 | D:4      | Reached skill level 1 in Armour
  3753 | D:4      | Reached XP level 6. HP: 18/42 MP: 0/0
  3949 | D:4      | Identified the +6 sling "Miosm" {flame, Dex+4}
  4229 | D:4      | Found an ornate altar of the Wu Jian Council.
  4394 | D:4      | Found Nopediho's Armour Emporium.
  4483 | D:4      | Found a shimmering altar of Xom.
  4635 | D:4      | Noticed an ogre
  4654 | D:4      | Killed an ogre
  4655 | D:4      | Reached XP level 7. HP: 36/49 MP: 0/0
  4655 | D:4      | Learned a level 3 spell: Conjure Flame
  4939 | D:5      | Entered Level 5 of the Dungeon
  5109 | D:5      | Found a runed translucent door.
  5110 | D:5      | Noticed Crazy Yiuf
  5225 | D:5      | Found a bloodstained altar of Trog.
  5240 | D:5      | Found a stormy altar of Qazlal.
  5287 | D:5      | Reached XP level 8. HP: 28/56 MP: 0/0
  5530 | D:5      | Reached skill level 5 in Spellcasting
  6082 | D:5      | Found a staircase to the Ecumenical Temple.
  6107 | Temple   | Entered the Ecumenical Temple
  6144 | Temple   | Became a worshipper of Makhleb the Destroyer
  6542 | D:5      | Killed Crazy Yiuf
  6664 | D:6      | Found a broken altar of Ashenzari.
  6775 | D:6      | Reached skill level 5 in Dodging
  7326 | D:6      | Found a snail-covered altar of Cheibriados.
  7604 | D:6      | Reached XP level 9. HP: 58/64 MP: 0/0
  7604 | D:6      | Learned a level 4 spell: Passage of Golubria
  7859 | D:7      | Reached skill level 5 in Fighting
  7865 | D:7      | Slain by a bullfrog

Illustrated notes

Levels and vault maps discovered:
D:1:      minmay_arrival_radiant_lines, layout_basic,
          dreamdust_ecumenical_altar_grove, minmay_tetromino_t4
D:2:      layout_loops_cross, uniq_robin
D:3:      layout_rooms, old_standard_altar, mainiacjoe_overflow_alcove_2,
          elyvilon_altar_5, minmay_rat_hole
D:4:      minmay_chambers_of_twos, layout_basic,
          nicolae_wu_jian_immortal_techniques, overflow_temple_1_default,
          serial_shops, nicolae_square_shop
D:5:      layout_loops_ring, trog_three_pillars_becter,
          mainiacjoe_overflow_alcove_1, lemuel_doored_altar,
          minmay_temple_entry_junction, kennysheep_generic_room_9,
          uniq_crazy_yiuf_cottage
D:6:      layout_basic, mainiacjoe_overflow_swirl
D:7:      layout_cave_pools, nicolae_yredelemnul_corpse_copse, uniq_duvessa,
          uniq_maggie, uniq_pikel
Temple:   nicolae_temple_ecumenical_triangle

Skill      XL: |  1  2  3  4  5  6  7  8  9 |
---------------+----------------------------+-----
Stealth        | 2 3 4 |  4.3
Dodging        | 3 4 5 |  5.4
Fighting       | 1 2 3 4 5 |  5.2
Armour         | 1 2 3 |  3.5
Spellcasting   | 4 5 |  5.6

Action                   |  1- 3 |  4- 6 |  7- 9 || total
-------------------------+-------+-------+-------++-------
Melee: Dagger            |       |     1 |       ||     1
       Staff             |       |       |    11 ||    11
 Cast: Magic Dart        |    81 |   129 |     5 ||   215
       Searing Ray       |       |     4 |     3 ||     7
       Fulminant Prism   |       |     2 |     3 ||     5
       Iskenderun's Myst |       |     2 |     5 ||     7
       Foxfire           |       |     6 |   143 ||   149
       Ensorcelled Hiber |       |       |     1 ||     1
       Passage of Golubr |       |       |     3 ||     3
  Use: Scroll            |       |       |     6 ||     6
Armor: Robe              |       |     3 |     1 ||     4
       Ring mail         |       |       |     3 ||     3
Dodge: Dodged            |     5 |     8 |    23 ||    36
